 Dungeon Crawl Stone Soup version 0.28.0-53-g5a82cb258f (webtiles) character file.

Game seed: 10998110493413896776

648 safid the Cleaver (level 7, -3/59 HPs)
             Began as a Hill Orc Fighter on July 12, 2022.
             Slain by a black bear (6 damage)
             ... on level 6 of the Dungeon.
             The game lasted 00:05:57 (4706 turns).

safid the Cleaver (Hill Orc Fighter)                Turns: 4706, Time: 00:05:58

Health: -3/59      AC:  7    Str: 21    XL:     7   Next: 53%
Magic:  7/7        EV:  9    Int:  8    God:
Gold:   216        SH:  5    Dex: 10    Spells: 6/6 levels left

rFire   . . .      SeeInvis .   a - +0 war axe
rCold   . . .      Faith    .   c - +0 buckler
rNeg    . . .      Spirit   .   b - +0 scale mail
rPois   .          Reflect  .   (no helmet)
rElec   .          Harm     .   (no cloak)
rCorr   .          Rampage  .   (no gloves)
Will    .....                   (no boots)
Stlth   ..........              (no amulet)
HPRegen 0.19/turn               (no ring)
MPRegen 0.10/turn               (no ring)

@: mighty
A: no striking features
a: no special abilities


You were on level 6 of the Dungeon.
You visited 1 branch of the dungeon, and saw 6 of its levels.

You collected 216 gold pieces.

Inventory:

Hand Weapons
 a - a +0 war axe (weapon)
Armour
 b - a +0 scale mail (worn)
 c - a +0 buckler (worn)
Jewellery
 l - an amulet of magic regeneration
Wands
 k - a wand of flame (24)
Scrolls
 f - a scroll of magic mapping {unknown}
 g - 5 scrolls of noise {unknown}
 j - 2 scrolls of identify {unknown}
Potions
 e - 4 potions of curing {unknown}
 h - a potion of ambrosia {unknown}
 i - a potion of heal wounds {unknown}
 m - a potion of haste {unknown}
 n - 2 potions of cancellation {unknown}
 o - a potion of mutation {unknown}
 p - a potion of attraction {unknown}


   Skills:
 - Level 4.0 Fighting
 + Level 8.0 Axes
 - Level 4.0 Armour
 - Level 6.2 Shields


You had 6 spell levels left.
You didn't know any spells.
Your spell library was empty.

Dungeon Overview and Level Annotations

Branches:
Dungeon (7/15)
 Temple: D:4-7

Altars:
Cheibriados
Dithmenos
Makhleb
Qazlal
Ru
Trog
Xom

Annotations:
D:6 Grinder


Message History

The black bear claws you but does no damage.
You hit the black bear.
The black bear is heavily wounded.
The black bear barely misses you. The black bear claws you.
The black bear claws you but does no damage.
The black bear bites you.
* * * LOW HITPOINT WARNING * * *
The black bear claws you but does no damage.
You block the black bear's attack.
You feel very mighty all of a sudden. You block the black bear's attack.
The black bear closely misses you. The black bear misses you.
Unknown command.
You slash the black bear!
The black bear is severely wounded.
The black bear goes berserk!
You barely miss the black bear.
The black bear is severely wounded.
The black bear closely misses you.
The black bear claws you but does no damage.
You block the black bear's attack. The black bear completely misses you.
The black bear barely misses you.
The black bear claws you but does no damage.
You closely miss the black bear.
The black bear is severely wounded.
You block the black bear's attack.
The black bear claws you but does no damage.
You block the black bear's attack.
Unknown command.
You slash the black bear!
The black bear is almost dead.
The black bear bites you but does no damage.
The black bear claws you.
* * * LOW HITPOINT WARNING * * *
The black bear barely misses you.
Grinder says, "Just stop there for a second..."
Grinder blinks!
The black bear bites you!
* * * LOW HITPOINT WARNING * * *
The black bear claws you.
You die...

#. ..... .#.#.
.....## .....####
##......###
##.........####
#..#.#.#..@h§Z#
#[........###)......
#..#.#.#.## .......
#........# .......
##.#.#.#.# .......
#.......# .......
##......# .......
......... .......
#.#.#.#.#.#


You could see a black bear (berserk) and a water moccasin zombie.

Vanquished Creatures
  Edmund (D:4)
  A sky beast (D:6)
  A black bear (D:4)
  A phantom (D:3)
  A scorpion (D:4)
  A centaur skeleton (D:7)
  A jelly (D:4)
  A hound (D:4)
  3 gnolls (D:2)
  3 adders
  An ufetubus (D:4)
  2 worms (D:2)
  2 dart slugs
  3 orcs
  4 ball pythons
  5 endoplasms
  A giant cockroach (D:1)
  3 goblins (D:1)
  5 hobgoblins
  6 jackals (D:2)
  7 kobolds
  3 quokkas
  A bat (D:2)
  3 frilled lizards
  5 rats
65 creatures vanquished.

Vanquished Creatures (others)
  2 fungi (D:6)
2 creatures vanquished.

Grand Total: 67 creatures vanquished

Notes
Turn   | Place    | Note
-------+----------+-------------------------------------------
     0 | D:1      | safid the Hill Orc Fighter began the quest for the Orb.
     0 | D:1      | Reached XP level 1. HP: 19/19 MP: 1/1
   161 | D:1      | Reached skill level 3 in Axes
   161 | D:1      | Reached XP level 2. HP: 26/27 MP: 2/2
  1148 | D:1      | Reached XP level 3. HP: 33/33 MP: 3/3
  1873 | D:2      | Reached XP level 4. HP: 40/40 MP: 4/4
  1882 | D:2      | Found a shadowy altar of Dithmenos.
  2301 | D:2      | Reached skill level 4 in Axes
  2630 | D:2      | Found a faded altar of an unknown god.
  2850 | D:3      | Noticed a phantom
  2864 | D:3      | Killed a phantom
  2865 | D:3      | Reached skill level 5 in Axes
  2865 | D:3      | Reached XP level 5. HP: 4/45 MP: 5/5
  3175 | D:3      | Found a burning altar of Makhleb.
  3508 | D:4      | Noticed Edmund
  3518 | D:4      | Killed Edmund
  3519 | D:4      | Reached skill level 5 in Shields
  3519 | D:4      | Reached XP level 6. HP: 20/52 MP: 6/6
  3521 | D:4      | Reached skill level 6 in Axes
  3840 | D:4      | Noticed a black bear
  3857 | D:4      | Killed a black bear
  3858 | D:4      | Reached XP level 7. HP: 47/59 MP: 7/7
  4049 | D:4      | Found a stormy altar of Qazlal.
  4051 | D:4      | Found a basalt altar of Yredelemnul.
  4051 | D:4      | Found a bloodstained altar of Trog.
  4053 | D:4      | Found a shimmering altar of Xom.
  4053 | D:4      | Found a snail-covered altar of Cheibriados.
  4053 | D:4      | Found a sacrificial altar of Ru.
  4274 | D:4      | Reached skill level 7 in Axes
  4617 | D:4      | You fall into a shaft and drop 3 floors!
  4678 | D:6      | Noticed Grinder
  4699 | D:6      | Reached skill level 8 in Axes
  4706 | D:6      | Slain by a black bear

Illustrated notes

Levels and vault maps discovered:
D:1:      dpeg_arrival_concentric_ovals, layout_loops_corners,
          roderic_lattice_a, minmay_misc_feat_doors, hangedman_glass_garden,
          chequers_serial_rivers_micro_d
D:2:      layout_basic, hellmonk_ecumenical_altar_inner_sanctum, basic_altar
D:3:      layout_basic, bloody_makhleb
D:4:      layout_basic, doesnt_xom_only_xom, uniq_edmund
D:6:      layout_cave_pods, serial_shops, nicolae_shop_stone, serial_glass,
          glass_columns_a, glass_columns_c, glass_columns_b, glass_columns_c,
          glass_columns_a, glass_columns_a, glass_columns_b, glass_columns_b,
          glass_columns_b, glass_columns_a, minivault_22,
          minmay_gold_behind_fungi, minmay_crystal_water,
          chequers_serial_rivers_micro_e, uniq_grinder
D:7:      layout_loops_cross, minivault_1, uniq_crazy_yiuf_cottage

Skill      XL: |  1  2  3  4  5  6  7 |
---------------+----------------------+-----
Axes           | 3 5 6 8 |  8.0
Fighting       | 4 |  4.0
Armour         | 4 |  4.0
Shields        | 4 5 6 |  6.2

Action                   |  1- 3 |  4- 6 |  7- 9 || total
-------------------------+-------+-------+-------++-------
Melee: War axe           |   114 |    77 |    50 ||   241
  Use: Potion            |       |     1 |     1 ||     2
Armor: Scale mail        |    44 |    27 |    40 ||   111
Dodge: Dodged            |    60 |    34 |    24 ||   118
Block: Buckler           |    22 |    17 |    12 ||    51
